 Seeded DCSS version 0.30.0-19-g36f170ea60 (webtiles) character file.

Game seed: 1882581695637917331 (custom seed)

91 RascalDebosk the Magician (level 4, -5/31 HPs)
             Began as a Djinni Conjurer on May 29, 2023.
             Killed from afar by Ijyb (20 damage)
             ... with an iceblast
             ... on level 3 of the Dungeon.
             The game lasted 00:08:37 (2016 turns).

RascalDebosk the Magician (Djinni Conjurer)         Turns: 2016, Time: 00:08:38

Health: -5/31      AC:  5    Str:  6    XL:     4   Next: 87%
Gold:   100        EV: 12    Int: 21    God:
                   SH:  0    Dex: 12

rFire   + + .        m - +2 short sword (holy)
rCold   x . .        (no shield)
rNeg    . . .        a - +0 robe
rPois   ∞            (no helmet)
rElec   .            (no cloak)
rCorr   .            p - +2 pair of gloves
SInv    .            (boots unavailable)
Will    .....        (no amulet)
Stlth   ++           (no ring)
HPRegen 0.25/turn    (no ring)
MPRegen 0.00/turn

%: infuse magic (-6 HP)
@: flying, very slightly contaminated
A: sickness immunity, fire resistance 2, cold vulnerability 1, float, innate
caster, HP casting, extra vitality 1
a: no special abilities


You were on level 3 of the Dungeon.
You visited 1 branch of the dungeon, and saw 3 of its levels.

You collected 100 gold pieces.

Inventory:

Hand Weapons
 h - a +0 dagger of speed
 m - a +2 short sword of holy wrath (weapon)
 s - a +0 dagger of freezing
Armour
 a - a +0 robe (worn)
 p - a +2 pair of gloves (worn)
 t - a +0 kite shield
Scrolls
 c - 6 scrolls of identify {unknown}
 d - 3 scrolls of amnesia {unknown}
 e - a scroll of poison {unknown}
 f - a scroll of silence {unknown}
 i - 2 scrolls of magic mapping {unknown}
 k - 2 scrolls of enchant weapon {unknown}
 o - 2 scrolls of blinking {unknown}
 r - a scroll of acquirement {unknown}
Potions
 b - a potion of ambrosia {unknown}
 g - a potion of curing {unknown}
 j - a potion of cancellation {unknown}
 l - a potion of invisibility {unknown}
 n - a potion of degeneration {unknown}
 q - a potion of might {unknown}
 u - a potion of haste {unknown}


   Skills:
 + Level 0.1 Fighting
 - Level 0.5 Short Blades
 + Level 0.1 Armour
 - Level 2.1 Dodging
 - Level 1.5 Stealth
 * Level 4.5 Spellcasting


You knew the following spells:

 Your Spells              Type           Power      Damage    Failure   Level
a - Magic Dart            Conj           92%        1d7       1%          1
b - Searing Ray           Conj           46%        2d6       2%          2
c - Dazzling Flash        Conj/Hex       46%        N/A       5%          3
d - Fulminant Prism       Conj/Hex       11%        3d8       19%         4
e - Iskenderun's Mystic   Conj/Tloc      23%        2d6       19%         4
f - Freeze                Ice            92%        1d9       1%          1
Your spell library was empty.

Dungeon Overview and Level Annotations

Branches:
Dungeon (3/15)

Altars:

Annotations:
D:3 Ijyb


Innate Abilities, Weirdness & Mutations

You are immune to sickness and miasma.
You are immune to poison.
Your flesh is very heat resistant. (rF++)
You are vulnerable to cold. (rC-)
You float through the air rather than walking.
You learn spells naturally, not from books.
Your magical power is your life essence.
You have superior vitality. (+4 MHP)


Message History

Found a stone staircase leading down.
c - 6 scrolls labelled FIFUOPHEASH (gained 1)
A kobold comes into view. It is wielding a +0 short sword.
Casting: Magic Dart (safe; 1% risk of failure)
Confirm with . or Enter, or press ? or * to list all spells.
Aiming: Magic Dart (safe; 1% risk of failure)
Press: ? - help, Shift-Dir - straight line, f - kobold
Aim: a kobold, wielding a +0 short sword (asleep, 100% to hit)
The magic dart hits the kobold but does no damage.
The kobold shouts!
Casting: Magic Dart (safe; 1% risk of failure)
Confirm with . or Enter, or press ? or * to list all spells.
Aiming: Magic Dart (safe; 1% risk of failure)
Press: ? - help, Shift-Dir - straight line, f/p - kobold
Aim: a kobold, wielding a +0 short sword (100% to hit)
The magic dart hits the kobold.
The kobold is severely wounded.
The kobold barely misses you.
Casting: Magic Dart (safe; 1% risk of failure)
Confirm with . or Enter, or press ? or * to list all spells.
Aiming: Magic Dart (safe; 1% risk of failure)
Press: ? - help, Shift-Dir - straight line, f/p - kobold
Aim: a kobold, wielding a +0 short sword (severely wounded, 100% to hit)
The magic dart hits the kobold.
You kill the kobold!
u - a cyan potion You see here a +0 short sword.
Found a stone staircase leading down.
There is a stone staircase leading down here.
Found a chain mail.
An orc comes into view. It is wielding a +0 short sword.
The orc shouts!
Casting: Magic Dart (safe; 1% risk of failure)
Confirm with . or Enter, or press ? or * to list all spells.
Aiming: Magic Dart (safe; 1% risk of failure)
Press: ? - help, Shift-Dir - straight line, f - orc
Aim: an orc, wielding a +0 short sword (100% to hit)
The magic dart hits the orc.
The orc is heavily wounded.
Casting: Magic Dart (safe; 1% risk of failure)
Confirm with . or Enter, or press ? or * to list all spells.
Aiming: Magic Dart (safe; 1% risk of failure)
Press: ? - help, Shift-Dir - straight line, f/p - orc
Aim: an orc, wielding a +0 short sword (heavily wounded, 100% to hit)
The magic dart hits the orc!
You kill the orc!
Ijyb the Twisted Goblin comes into view.
She is wielding a +0 dagger and carrying a wand of iceblast (9).
Casting: Magic Dart (safe; 1% risk of failure)
Confirm with . or Enter, or press ? or * to list all spells.
The spell is extremely dangerous to miscast (19% risk of failure)!
Continue anyway?
Aiming: Fulminant Prism (extremely dangerous; 19% risk of failure)
Press: ? - help, Dir - move target You miscast Fulminant Prism.
You are very lightly contaminated with residual magic.
Nothing appears to happen.
Casting: Fulminant Prism (extremely dangerous; 19% risk of failure)
Confirm with . or Enter, or press ? or * to list all spells.
The spell is extremely dangerous to miscast (19% risk of failure)!
Continue anyway?
Aiming: Fulminant Prism (extremely dangerous; 19% risk of failure)
Press: ? - help, Dir - move target You conjure a prism of explosive energy!
A fulminant prism comes into view.
Ijyb screams, "Me stronger than you!"
Your fulminant prism crackles loudly.
Ijyb screams, "You nasty!
Big nasty!"
Ijyb hits your fulminant prism with a +0 dagger.
Your fulminant prism explodes!
The blast of energy engulfs Ijyb!
Ijyb is heavily wounded.
Casting: Fulminant Prism (extremely dangerous; 19% risk of failure)
Confirm with . or Enter, or press ? or * to list all spells.
The spell is extremely dangerous to miscast (19% risk of failure)!
Continue anyway?
Aiming: Fulminant Prism (extremely dangerous; 19% risk of failure)
Press: ? - help, Dir - move target You miscast Fulminant Prism.
Nothing appears to happen.
Casting: Fulminant Prism (extremely dangerous; 19% risk of failure)
Confirm with . or Enter, or press ? or * to list all spells.
The spell is extremely dangerous to miscast (19% risk of failure)!
Continue anyway?
Aiming: Fulminant Prism (extremely dangerous; 19% risk of failure)
Press: ? - help, Dir - move target You conjure a prism of explosive energy!
A fulminant prism comes into view.
Your fulminant prism crackles loudly.
Ijyb hits your fulminant prism with a +0 dagger.
Your fulminant prism explodes!
The blast of energy engulfs Ijyb.
Ijyb is severely wounded.
Casting: Fulminant Prism (extremely dangerous; 19% risk of failure)
Confirm with . or Enter, or press ? or * to list all spells.
Aiming: Searing Ray (safe; 2% risk of failure)
Press: ? - help, Shift-Dir - straight line, f - Ijyb
Aim: Ijyb, wielding a +0 dagger, wearing a +0 scale mail and carrying a wand of iceblast (9) (severely wounded, 75% to hit)
The searing ray hits Ijyb but does no damage.
Ijyb is severely wounded. (Press . to maintain the ray.)
* * * LOW HITPOINT WARNING * * *
Ijyb zaps a wand.
The mass of ice explodes!
The iceblast engulfs you!!
You feel a painful chill!
Ouch! That really hurt!
You die...

... #.# #.# #)#
#.# #.# #.# #[#
#.# #g#
###.######. #.#
#.......... #.#
#>#.###########.#
#.#...........@.#
#.###############
#.# #.# #.# #.#
#.# ###)# ....#


You could see Ijyb.

Vanquished Creatures
  Terence (D:3)
  2 adders (D:2)
  2 dart slugs
  An orc (D:3)
  3 bats
  5 endoplasms
  3 goblins
  6 hobgoblins
  2 jackals (D:3)
  5 kobolds
  2 quokkas
  A ball python (D:2)
  2 frilled lizards (D:2)
  5 rats
40 creatures vanquished.

Vanquished Creatures (others)
  3 fulminant prisms (D:3)
3 creatures vanquished.

Grand Total: 43 creatures vanquished

Notes
Turn   | Place    | Note
-------+----------+-------------------------------------------
     0 | D:1      | RascalDebosk the Djinni Conjurer began the quest for the
                  | Orb.
     0 | D:1      | RascalDebosk set off with the following spells memorised:
                  | Magic Dart, Searing Ray, Dazzling Flash, Fulminant Prism,
                  | Iskenderun's Mystic Blast.
     0 | D:1      | Reached XP level 1. HP: 15/15 MP: 0/0
   412 | D:1      | Reached XP level 2. HP: 21/21 MP: 0/0
   840 | D:2      | Reached XP level 3. HP: 21/25 MP: 0/0
   840 | D:2      | Learned a level 1 spell: Freeze
   873 | D:2      | Reached skill level 4 in Spellcasting
  1160 | D:2      | Reached XP level 4. HP: 27/31 MP: 0/0
  1704 | D:3      | Noticed Terence
  1708 | D:3      | Killed Terence
  2007 | D:3      | Noticed Ijyb
  2016 | D:3      | Killed from afar by Ijyb

Illustrated notes

Levels and vault maps discovered:
D:1:      dpeg_arrival_erosion, layout_basic
D:2:      layout_basic, minmay_tripent
D:3:      layout_loops_ring, nicolae_wu_jian_wuxing_cycle, serial_bayou_pond_d,
          uniq_ijyb, uniq_terence

Skill      XL: |  1  2  3 |
---------------+----------+-----
Spellcasting   | 4 |  4.5
Fighting       | |  0.1
Short Blades   | |  0.5
Armour         | |  0.1
Dodging        | |  2.1
Stealth        | |  1.5

Action                     |  1- 3 |  4- 6 || total
---------------------------+-------+-------++-------
  Melee: Dagger            |     8 |       ||     8
         Short sword       |       |     3 ||     3
   Cast: Magic Dart        |    42 |    24 ||    66
         Fulminant Prism   |       |     3 ||     3
         Searing Ray       |       |     3 ||     3
         Iskenderun's Myst |       |     1 ||     1
   Stab: Sleeping          |     1 |     1 ||     2
 Armour: Robe              |     1 |       ||     1
  Dodge: Dodged            |     3 |     3 ||     6
